 Dungeon Crawl Stone Soup version 0.31-a0-521-gc7390f8997 (webtiles) character file.

Game seed: 9947550583047203773

1649 oldmanjim the Changeling (level 8, -7/78 HPs)
             Began as a Troll Shapeshifter on Aug 10, 2023.
             Was a Believer of Trog.
             Mangled by an orc warrior
             ... wielding a +0 glaive
              (10 damage)
             ... on level 7 of the Dungeon.
             The game lasted 00:15:12 (4085 turns).

oldmanjim the Changeling (Troll Shapeshifter)       Turns: 4085, Time: 00:15:12

Health: -7/78      AC:  4    Str: 32    XL:     8   Next: 67%
Magic:  7/7        EV:  9    Int:  4    God:    Trog [**....]
Gold:   326        SH:  0    Dex: 10    Spells: 7/7 levels left

rFire   . .          .
                       - Unarmed
rCold   . . .        (no shield)
rNeg    . . .        a - +0 animal skin
rPois   .            (helmet currently unavailable)
rElec   .            (cloak currently unavailable)
rCorr   .            (gloves unavailable)
SInv    +            (boots unavailable)
Will    .....        (no amulet)
Stlth   +            l - ring of see invisible
HPRegen 1.13/turn    o - +6 ring of strength
MPRegen 0.10/turn

%: no passive effects
@: confused, beast-form
A: beast (slay +4), large, unfitting armour, claws 3, regeneration 1, shaggy fur
1, tough skin 1
a: Begin Untransformation, Renounce Religion, Berserk, Trog's Hand


You were on level 7 of the Dungeon.
You worshipped Trog.
Trog was pleased with you.
You were a hulking beast.
You visited 2 branches of the dungeon, and saw 8 of its levels.

You collected 326 gold pieces.

Inventory:

Hand Weapons
 b - a +3 sling
Missiles
 n - 56 stones (quivered)
 w - 3 poisoned darts
 F - 6 atropa-tipped darts
Armour
 a - a +0 animal skin (worn)
Jewellery
 l - a ring of see invisible (left claw)
 o - a +6 ring of strength (right claw)
 u - a ring of poison resistance
Talismans
 c - a beast talisman (active)
 d - a flux talisman
 D - a blade talisman
Wands
 s - a wand of flame (17)
Scrolls
 e - 2 scrolls of revelation {unknown}
 f - a scroll of amnesia {unknown}
 h - 2 scrolls of fear {unknown}
 j - a scroll of silence {unknown}
 k - 5 scrolls of identify {unknown}
 m - 3 scrolls of poison {unknown}
 q - a scroll of enchant armour {unknown}
 y - a scroll of summoning {unknown}
 z - a scroll of torment {unknown}
 B - a scroll of teleportation {unknown}
 C - 3 scrolls of brand weapon {unknown}
Potions
 g - a potion of invisibility {unknown}
 i - 4 potions of degeneration {unknown}
 p - 5 potions of curing {unknown}
 r - a potion of cancellation {unknown}
 t - 2 potions of attraction {unknown}
 v - a potion of resistance {unknown}
 x - 3 potions of lignification
 A - 2 potions of enlightenment {unknown}
 E - a potion of mutation {unknown}


   Skills:
 - Level 4.0 Fighting
 - Level 1.5 Dodging
 + Level 6.7 Unarmed Combat
 + Level 7.3 Shapeshifting


You had 7 spell levels left.
You didn't know any spells.
Your spell library contained the following spells:

 Spells                   Type           Power      Damage    Failure   Level
 Cigotuvi's Dreadful Rot  Necr/Pois/Air  0%         N/A       65%         2
 Dispel Undead            Necr           0%         3d6       99%         4
 Summon Ice Beast         Ice/Summ       0%         N/A       99%         4
 Summon Mana Viper        Hex/Summ       0%         N/A       100%        5
 Death Channel            Necr           0%         N/A       100%        6
 Monstrous Menagerie      Summ           0%         N/A       100%        7


Dungeon Overview and Level Annotations

Branches:
Dungeon (7/15)             Temple (1/1) D:5

Altars:
Cheibriados
Dithmenos
Elyvilon
Hepliaklqana
Kikubaaqudgha
Nemelex Xobeh
Okawaru
Ru
Sif Muna
Trog
Uskayaw
Vehumet
The Shining One

Shops:
D:6 [

Annotations:
D:4 1 runed translucent door, exclusion: door, Crazy Yiuf


Innate Abilities, Weirdness & Mutations

You are a hulking beast.
Your limbs bulge with bestial killing power. (Slay +4)
You are too large for most types of armour.
You have claws for hands.
Your natural rate of healing is unusually fast.
You are covered in fur. (AC +1)
You have tough skin. (AC +1)


Message History

There is a stone staircase leading down here.
You start resting.
HP restored.
You climb downwards.
An ice beast comes into view.
An orc wizard comes into view. It is wielding a +0 mace.
Found a dagger.
There is a stone staircase leading up here.
Throw: 58 stones
Press: ? - help, Q - select action, (/) - cycle Shift-Dir - straight line, f - orc warrior
Aim: an orc warrior, wielding a +0 glaive and wearing a +0 chain mail (57% to hit)
You throw a stone. The orc wizard shouts!
The stone hits the orc warrior.
The orc warrior is lightly wounded.
You hear a shout!
The orc warrior hits you from afar with a +0 glaive!
Throw: 57 stones
Press: ? - help, Q - select action, (/) - cycle Shift-Dir - straight line, f/p - orc warrior
Aim: an orc warrior, wielding a +0 glaive and wearing a +0 chain mail (lightly wounded, 57% to hit)
You throw a stone.
The stone hits the orc warrior but does no damage.
The orc warrior is lightly wounded.
The orc warrior hits you from afar with a +0 glaive!!
The orc barely misses you. The orc hits you but does no damage.
The orc warrior hits you from afar with a +0 glaive!
The orc priest calls down the wrath of Beogh upon you.
Beogh smites you!
The orc wizard gestures at you while chanting.
You are confused.
The orc hits you with a +0 dagger.
The orc hits you from afar with a +0 trident!
* * * LOW HITPOINT WARNING * * *
The orc warrior hits you from afar with a +0 halberd!
* * * LOW HITPOINT WARNING * * *
In your confused state, you trip and fall back down the stairs.
* * * LOW HITPOINT WARNING * * *
The orc barely misses you.
The orc warrior hits you from afar with a +0 glaive!
You die...

.. #.....#
#.###..... #
#........#
#.##........#
...........##
)##..........#
...Y>ooo.....##
#o....o[<)...#
..#o.ho....##
#>........#
#.........#
.............
..........#....
...#..$....###..#
............ .##
.#.........##


You could see 2 orc warriors, an ice beast, an orc priest, 2 orc wizards and 2
orcs.

Vanquished Creatures
  Grinder (D:3)
  A wyvern (D:6)
  2 ice beasts
  2 centaurs
  2 phantoms (D:5)
  2 bullfrogs (D:6)
  2 scorpions (D:5)
  A howler monkey (D:5)
  A jelly (D:6)
  2 orc priests
  3 hounds (D:5)
  Jessica (D:3)
  Natasha (thrice) (D:3)
  3 orc wizards
  3 gnolls (D:5)
  6 adders
  2 ufetubi
  3 dart slugs
  17 orcs
  7 bats
  4 endoplasms
  2 giant cockroaches (D:4)
  4 goblins
  5 hobgoblins
  5 kobolds
  9 ball pythons
  6 frilled lizards
  3 rats
102 creatures vanquished.

Notes
Turn   | Place    | Note
-------+----------+-------------------------------------------
     0 | D:1      | oldmanjim the Troll Shapeshifter began the quest for the
                  | Orb.
     0 | D:1      | Reached XP level 1. HP: 18/18 MP: 0/0
    49 | D:1      | Reached skill level 1 in Fighting
    71 | D:1      | Reached XP level 2. HP: 24/27 MP: 1/1
   678 | D:2      | Reached XP level 3. HP: 27/33 MP: 2/2
  1194 | D:3      | Noticed Jessica
  1200 | D:3      | Killed Jessica
  1201 | D:3      | Reached XP level 4. HP: 35/42 MP: 3/3
  1254 | D:3      | Noticed Natasha
  1257 | D:3      | Killed Natasha
  1283 | D:3      | Reached skill level 4 in Shapeshifting
  1351 | D:3      | Found a faded altar of an unknown god.
  1516 | D:3      | Found a bloodstained altar of Trog.
  1649 | D:3      | Became a worshipper of Trog the Wrathful
  1761 | D:3      | Noticed Natasha
  1768 | D:3      | Killed Natasha
  1769 | D:3      | Reached XP level 5. HP: 42/49 MP: 4/4
  1785 | D:3      | Noticed Grinder
  1797 | D:3      | Killed Grinder
  1798 | D:3      | Reached skill level 5 in Shapeshifting
  1798 | D:3      | Reached XP level 6. HP: 38/57 MP: 5/5
  1881 | D:3      | Noticed Natasha
  1886 | D:3      | Killed Natasha
  2053 | D:4      | Found a white marble altar of Elyvilon.
  2315 | D:4      | Found a runed translucent door.
  2316 | D:4      | Noticed Crazy Yiuf
  2448 | D:5      | Entered Level 5 of the Dungeon
  2452 | D:5      | Found a staircase to the Ecumenical Temple.
  2520 | D:5      | Reached XP level 7. HP: 66/66 MP: 6/6
  2544 | D:5      | Reached skill level 6 in Shapeshifting
  2552 | D:5      | Found a snail-covered altar of Cheibriados.
  2559 | D:5      | Reached * piety under Trog
  2668 | D:5      | Reached skill level 5 in Unarmed Combat
  2793 | D:5      | Found a hazy altar of Hepliaklqana.
  3035 | Temple   | Entered the Ecumenical Temple
  3051 | D:5      | Found a radiant altar of Vehumet.
  3109 | D:5      | Reached XP level 8. HP: 75/75 MP: 7/7
  3116 | D:5      | Found a shimmering blue altar of Sif Muna.
  3549 | D:6      | Found Edivuu Wowoz's Armour Emporium.
  3781 | D:6      | Reached skill level 7 in Shapeshifting
  3992 | D:6      | Reached ** piety under Trog
  4084 | D:7      | HP: 3/78 [orc warrior/+0 halberd (15)]
  4085 | D:7      | Mangled by an orc warrior

Illustrated notes

Levels and vault maps discovered:
D:1:      grunt_arrival_lava_bath, layout_basic, hangedman_decor_lopped,
          minmay_misc_feat_room, wander_ebering_terrifying_dragon_lair
D:2:      layout_basic, serial_bayou_lake_a
D:3:      layout_loops_cross, mainiacjoe_overflow_alcove_4,
          basic_ecumenical_altar, uniq_grinder, uniq_jessica, uniq_natasha
D:4:      layout_rooms, mainiacjoe_overflow_concentric_impassable,
          uniq_crazy_yiuf_cottage
D:5:      layout_basic, fiery_altar_vehumet, mainiacjoe_overflow_paths,
          mainiacjoe_overflow_brackets, led_sif_book,
          minmay_temple_entry_slanted, moated_statue
D:6:      layout_gridville, serial_shops, nicolae_shop_hallway_plus
D:7:      gammafunk_the_bubble [the_bubble_gammafunk_crates], layout_cave_pools,
          nzn_wu_jian_council_hall
Temple:   hellmonk_temple_two_chambers

Skill      XL: |  1  2  3  4  5  6  7  8 |
---------------+-------------------------+-----
Fighting       | 1 2 3 4 |  4.0
Unarmed Combat | 4 5 6 |  6.7
Shapeshifting  | 4 5 6 7 |  7.3
Dodging        | |  1.5

Action                     |  1- 3 |  4- 6 |  7- 9 || total
---------------------------+-------+-------+-------++-------
  Melee: Unarmed           |    76 |    54 |    77 ||   207
         Punch             |     1 |     1 |     3 ||     5
   Fire: Sling             |       |       |    16 ||    16
  Throw: Stone             |       |       |     7 ||     7
 Invoke: Berserk           |       |       |     1 ||     1
   Stab: Sleeping          |       |     1 |       ||     1
 Armour: Animal skin       |    26 |    13 |    16 ||    55
  Dodge: Dodged            |    35 |    20 |    38 ||    93

Table legend: (Time is in decaauts)
 A = Elapsed time spent in this place.
 B = Non-inter-level travel time spent in this place.
 C = Inter-level travel time spent in this place.
 D = Time resting spent in this place.
 E = Time spent auto-exploring this place.
 F = Levels seen in this place.
 G = Mean time per level.
                   A        B        C        D        E       F      G
               +--------+--------+--------+--------+--------+-----+--------+
         Total |   4095 |   3792 |    303 |     80 |   3068 |   8 |  511.9 |
       Dungeon |   4093 |   3790 |    303 |     80 |   3068 |   7 |  584.7 |
        Temple |      1 |      1 |      0 |      0 |      0 |   1 |    1.0 |
               +--------+--------+--------+--------+--------+-----+--------+

Top non-repeatable levels by time:
     D:6: 816 daAuts
     D:5: 810 daAuts
     D:3: 804 daAuts
     D:1: 617 daAuts
     D:2: 550 daAuts
     D:4: 474 daAuts
     D:7: 18 daAuts
  Temple: 1 daAuts
